Map: Kairos Junction LE

Players

SouLeer

  • Race: Zerg Zerg
  • Spawn Location: 5:00

SaLemandr - Winner!

  • Race: Terran Terran
  • Spawn Location: 11:00

Event: 2019 WCS Summer

VOD

Have the link to the VOD?

Description

Time

  • Played on: July 12, 2019, 10:10 a.m.
  • Length: 26:01

All games in this series

Show
View Real Time Build Order
Export as new Build Order

SouLeer Zerg 

Build Orders: Pool First 

Get SALT Encoding   

  12  0:00  Drone  
  13  0:12  Overlord  
  13  0:17  Drone  
  14  0:30  Drone  
  14  0:31  Drone  
  14  0:32  Extractor  
  15  0:43  Spawning Pool  
  15  0:47  Drone  
  15  0:51  Drone  
  16  1:17  Hatchery  
  15  1:30  Zergling x6  
  18  1:37  Metabolic Boost  
  18  1:48  Queen  
  20  1:55  Drone  
  21  2:02  Overlord  
  21  2:05  Drone  
  22  2:24  Drone x2, Queen  
  26  2:32  Drone  
  27  2:37  Drone  
  27  2:39  Queen  
  27  2:42  Drone  
  31  2:49  Drone  
  32  2:55  Drone  
  33  3:02  Overlord  
  33  3:04  Drone x2  
  35  3:20  Queen  
  35  3:22  Hatchery  
  35  3:23  Drone  
  35  3:25  Drone  
  38  3:29  Drone x2  
  38  3:33  Spore Crawler  
  39  3:34  Drone  
  39  3:36  Overlord  
  39  3:40  Overlord  
  41  3:44  Drone x2  
  41  3:46  Drone  
  44  3:52  Overlord  
  44  3:55  Zergling x4  
  46  3:57  Zergling x2  
  48  4:02  Zergling x2  
  48  4:04  Baneling Nest  
  48  4:07  Drone x2  
  48  4:09  Drone  
  50  4:14  Drone  
  51  4:20  Spore Crawler  
  51  4:21  Drone  
  51  4:22  Drone  
  52  4:25  Spore Crawler  
  52  4:26  Queen  
  53  4:34  Drone, Queen  
  53  4:35  Drone  
  57  4:38  Drone x2  
  57  4:40  Zergling x2  
  57  4:43  Overlord  
  61  4:45  Drone  
  61  4:47  Drone  
  61  4:48  Drone  
  61  4:52  Zergling x4  
  65  4:53  Drone  
  65  4:55  Overlord  
  66  5:03  Drone x3  
  66  5:06  Lair  
  67  5:14  Drone x3  
  67  5:17  Drone x2  
  67  5:19  Drone x2  
  70  5:27  Extractor  
  70  5:28  Zergling x8  
  69  5:29  Extractor  
  69  5:34  Zergling x2  
  69  5:38  Zergling x6, Evolution Chamber  
  69  5:39  Drone x2, Evolution Chamber  
  72  5:49  Drone x2, Hatchery  
  74  5:50  Drone  
  74  5:55  Drone  
  75  5:58  Overlord  
  75  6:00  Drone x4  
  75  6:01  Extractor  
  75  6:04  Drone x3  
  80  6:06  Zerg Missile Weapons Level 1, Extractor, Zerg Ground Armor Level 1  
  80  6:11  Drone x2  
  81  6:13  Extractor  
  81  6:16  Drone  
  81  6:17  Overlord  
  82  6:18  Drone  
  82  6:19  Drone  
  82  6:20  Drone  
  82  6:22  Hydralisk Den  
  83  6:26  Zergling x2  
  83  6:27  Zergling x8  
  83  6:29  Zergling x4  
  88  6:33  Zergling x4  
  88  6:37  Zergling x2  
  87  6:41  Baneling x2  
  87  6:42  Baneling x7  
  87  6:43  Zergling x2  
  87  6:44  Zergling x2  
  90  6:48  Overlord x3  
  90  7:02  Zergling x2, Hatchery  
  90  7:03  Centrifical Hooks  
  88  7:09  Zergling x6  
  88  7:11  Hatchery  
  88  7:15  Zergling x4  
  92  7:19  Zergling x2  
  92  7:20  Baneling x2  
  93  7:28  Zergling x12  
  93  7:29  Baneling x2  
  99  7:30  Baneling x4  
  99  7:32  Zergling x2  
  99  7:33  Zergling x4  
  99  7:35  Zergling x2  
  103  7:42  Zergling x4  
  105  7:45  Baneling x2  
  105  7:46  Baneling  
  105  7:49  Zergling x6  
  105  7:50  Overlord  
  105  7:51  Overlord  
  108  7:53  Overlord  
  108  7:57  Zergling x2  
  107  7:59  Baneling x3  
  107  8:02  Zergling x2  
  107  8:08  Overlord  
  107  8:10  Zergling x2  
  107  8:16  Zergling x4  
  107  8:18  Zergling x6  
  100  8:22  Zergling x6  
  100  8:26  Zergling x2  
  101  8:27  Hatchery  
  101  8:32  Zergling x2  
  86  8:35  Zergling x2  
  86  8:41  Zergling x4  
  84  8:43  Baneling x7  
  84  8:48  Zergling x12  
  87  8:49  Zergling x4  
  87  8:50  Baneling x4  
  87  8:51  Zergling x2  
  87  8:52  Overseer  
  87  8:53  Baneling x2  
  93  8:56  Zergling x2  
  93  8:57  Zergling x2  
  95  9:05  Zergling x2  
  95  9:08  Zergling x4  
  97  9:12  Hydralisk Den  
  96  9:18  Drone x5  
  96  9:19  Drone x3  
  96  9:22  Zergling x2  
  105  9:27  Zergling x4  
  105  9:30  Zerg Ground Armor Level 2, Zerg Melee Weapons Level 1  
  107  9:32  Queen  
  107  9:33  Zergling x2  
  107  9:38  Zergling x4  
  112  9:40  Queen  
  112  9:43  Queen  
  116  9:47  Zergling x8  
  116  9:52  Zergling x4  
  118  9:53  Zergling x4  
  118  9:58  Zergling x6  
  122  10:04  Zergling x6  
  120  10:10  Zergling x4  
  117  10:16  Hydralisk x6  
  117  10:19  Grooved Spines  
  129  10:26  Hydralisk x2  
  129  10:27  Hydralisk  
  133  10:29  Hydralisk  
  135  10:40  Hydralisk  
  137  10:46  Hydralisk  
  137  10:47  Hydralisk, Hatchery  
  140  10:51  Zergling x2  
  140  10:52  Zergling x8  
  145  10:58  Zergling x8  
  148  11:04  Drone x2  
  148  11:05  Drone  
  148  11:07  Overlord  
  151  11:17  Overlord  
  151  11:21  Overlord x2  
  151  11:31  Infestation Pit, Zergling x2  
  151  11:32  Zergling x4  
  153  11:34  Baneling x5  
  152  11:43  Zergling x16  
  152  11:46  Baneling  
  152  11:47  Baneling x7  
  158  11:49  Zergling x2  
  149  11:55  Zergling x8  
  149  11:59  Zergling x4  
  155  12:04  Overlord  
  155  12:05  Zergling x2  
  155  12:06  Zergling x6  
  156  12:09  Zergling x4  
  156  12:13  Zergling x4, Overlord  
  159  12:17  Zergling x4  
  159  12:20  Zergling x4  
  158  12:24  Zergling x2  
  158  12:28  Zergling x2  
  149  12:31  Zergling x6  
  149  12:32  Baneling x3  
  149  12:33  Baneling x6  
  145  12:38  Zergling x2  
  145  12:42  Zergling x6  
  148  12:49  Zergling x2  
  146  12:55  Zergling x6  
  146  12:56  Baneling  
  146  12:57  Baneling x14  
  149  13:00  Zergling x2  
  149  13:04  Zergling x2  
  149  13:05  Zergling x6  
  151  13:09  Muscular Augments  
  151  13:10  Zergling x4  
  151  13:13  Zergling x6  
  150  13:22  Zergling x10  
  150  13:23  Zergling x10  
  150  13:26  Baneling  
  150  13:27  Baneling x4  
  155  13:28  Hatchery  
  144  13:34  Zergling x8  
  144  13:39  Zergling x2  
  140  13:42  Zergling x2  
  140  13:43  Zergling x4  
  143  13:50  Zergling x18  
  143  13:52  Zergling x8  
  143  13:54  Zergling x2  
  157  13:58  Pneumatized Carapace  
  157  13:59  Overseer x2  
  157  14:00  Hive  
  157  14:01  Zergling x4  
  158  14:07  Zergling x4  
  159  14:11  Zergling x2  
  159  14:15  Zergling x12  
  159  14:16  Zergling x4  
  160  14:18  Zergling x2  
  160  14:19  Zergling x6  
  160  14:21  Zergling x6  
  160  14:23  Zergling x2  
  162  14:27  Zergling x4  
  162  14:29  Zergling x2  
  160  14:36  Zergling x2  
  152  14:42  Zergling x12  
  152  14:43  Zergling x6  
  161  14:46  Zergling x2  
  161  14:49  Hatchery  
  161  14:51  Zergling x2  
  161  14:52  Zergling x8  
  166  14:57  Zergling x4  
  166  14:59  Zergling x2  
  166  15:02  Zergling x2  
  166  15:05  Baneling x6  
  166  15:07  Zergling x2  
  168  15:11  Overlord  
  168  15:13  Zergling x6  
  167  15:18  Zergling x4  
  167  15:19  Zergling x8  
  148  15:22  Zergling x12  
  148  15:25  Zergling x4  
  125  15:30  Zerg Melee Weapons Level 2  
  125  15:31  Zerg Ground Armor Level 3  
  125  15:32  Viper x2  
  131  15:38  Zergling x6  
  132  15:44  Zergling x12  
  132  15:49  Adrenal Glands  
  138  16:01  Baneling x8  
  138  16:06  Zergling x10, Hatchery  
  138  16:08  Baneling x4  
  138  16:11  Baneling x5  
  141  16:12  Baneling  
  141  16:16  Zergling x8  
  145  16:25  Zergling x2  
  145  16:26  Zergling x14  
  145  16:29  Zergling x4  
  145  16:30  Zergling x4  
  157  16:36  Zergling x2  
  157  16:37  Zergling x10  
  163  16:42  Zergling x10  
  163  16:45  Zergling x6  
  170  16:48  Zergling x4  
  170  16:52  Baneling x3  
  171  16:56  Zergling x2  
  171  16:57  Zergling x8  
  171  17:00  Overlord x2  
  176  17:03  Baneling x5  
  176  17:15  Zergling x4  
  161  17:25  Zergling x20  
  128  17:32  Zergling x10  
  128  17:33  Zergling x6  
  117  17:37  Zergling x6  
  117  17:41  Zergling x6  
  112  17:45  Zergling x2  
  112  17:46  Zergling x4  
  112  17:48  Zergling x4  
  117  17:53  Baneling x2  
  117  17:54  Baneling x4  
  115  17:59  Zergling x4  
  115  18:01  Drone  
  118  18:10  Zergling x8  
  122  18:13  Baneling x2  
  122  18:18  Zergling x6  
  123  18:26  Zergling x6  
  121  18:29  Zergling x4  
  121  18:32  Zergling x2  
  119  18:36  Zergling x6  
  117  18:48  Zergling x2  
  117  18:49  Zergling x12  
  117  18:53  Zergling x4  
  104  18:55  Zergling x2  
  104  18:56  Zergling x2  
  96  19:04  Zergling x8  
  97  19:10  Zergling x2  
  97  19:11  Zergling x6  
  97  19:17  Zergling x4  
  88  19:25  Zergling x6  
  88  19:30  Queen  
  93  19:33  Baneling  
  93  19:34  Baneling x5  
  93  19:42  Burrow  
  93  19:44  Baneling x3  
  93  19:49  Viper  
  96  19:52  Baneling  
  96  19:53  Baneling x2  
  96  20:03  Zergling x12  
  102  20:08  Zergling x4  
  102  20:09  Zergling x2  
  104  20:21  Hatchery  
  104  20:24  Zergling x4  
  105  20:30  Zergling x6  
  105  20:31  Zergling x4  
  105  20:33  Baneling  
  105  20:34  Baneling x6  
  105  20:35  Zergling x4  
  112  20:40  Baneling  
  112  20:41  Baneling x5  
  112  20:45  Zergling x4  
  114  20:51  Zergling x6  
  109  21:07  Hydralisk x2, Zergling x14  
  109  21:08  Zergling x4  
  118  21:23  Hatchery  
  117  21:27  Zergling x12  
  123  21:36  Zergling x6  
  123  21:37  Zergling x4  
  128  21:43  Zergling x8  
  131  21:56  Zergling x2, Hatchery  
  131  21:57  Zergling x2  
  128  22:03  Baneling x7  
  128  22:06  Zergling x4  
  130  22:09  Baneling x8  
  130  22:18  Zergling x10  
  132  22:31  Baneling x11  
  132  22:33  Zergling x18  
  138  22:42  Zergling x2  
  138  22:43  Zergling x4  
  136  22:49  Zergling x4  
  136  23:04  Hatchery  
  135  23:09  Zergling x2  
  135  23:10  Zergling x10  
  135  23:11  Baneling x6  
  141  23:19  Baneling x12  
  141  23:25  Baneling x4  
  141  23:28  Baneling  
  141  23:29  Baneling x8  
  141  23:31  Zergling x2  
  142  23:35  Zergling x4  
  142  23:53  Zergling x16  
  146  23:58  Zergling x6  
  146  24:05  Baneling x2  
  146  24:15  Zergling x14  
  146  24:19  Baneling x4  
  138  24:32  Viper x3  
  138  24:36  Zergling x8  
  149  24:49  Zergling x2  
  150  24:53  Baneling x4  
  150  24:56  Zergling x2  
  150  24:58  Hatchery  
  150  25:05  Baneling x6  
  150  25:20  Zergling x16  
  153  25:24  Baneling x3  
  153  25:30  Zergling x2  
  153  25:31  Zergling x2  
Show
View Real Time Build Order
Export as new Build Order

SaLemandr Terran - Winner!

Build Orders: Reaper Expand 

Get SALT Encoding   

  12  0:00  SCV  
  13  0:12  SCV  
  14  0:16  Supply Depot  
  14  0:25  SCV  
  15  0:38  Barracks, SCV  
  16  0:43  Refinery  
  16  0:50  SCV  
  17  1:02  SCV  
  18  1:14  SCV  
  19  1:25  Reaper  
  19  1:26  Orbital Command  
  20  1:43  Command Center  
  20  1:52  Supply Depot  
  20  1:53  SCV  
  21  1:58  Marine  
  22  2:05  SCV  
  22  2:09  Factory  
  22  2:17  SCV  
  22  2:20  Barracks Reactor  
  22  2:22  Refinery  
  24  2:30  SCV  
  24  2:47  SCV  
  25  3:01  SCV  
  25  3:02  Starport  
  25  3:04  Hellion x2  
  30  3:08  Barracks Tech Lab  
  30  3:09  Orbital Command  
  30  3:13  SCV  
  31  3:25  SCV  
  32  3:31  Marine, Hellion x2  
  32  3:32  Stimpack  
  37  3:36  SCV  
  37  3:37  SCV  
  38  3:42  Supply Depot  
  38  3:46  Viking  
  38  3:48  SCV  
  41  3:51  Marine  
  41  3:55  SCV  
  43  4:01  Barracks  
  43  4:02  Factory Tech Lab  
  43  4:03  SCV  
  43  4:05  Supply Depot  
  43  4:07  SCV  
  45  4:11  Barracks  
  45  4:12  Marine  
  45  4:16  SCV  
  47  4:21  Starport Reactor  
  50  4:24  Siege Tank  
  50  4:25  SCV  
  50  4:29  Supply Depot  
  52  4:31  SCV  
  52  4:32  Marine  
  53  4:47  Command Center  
  53  4:49  Marine x2  
  53  4:51  Marine  
  56  4:53  Supply Depot  
  56  4:54  SCV  
  57  5:03  Engineering Bay, SCV  
  59  5:07  SCV, Starport Reactor  
  59  5:15  SCV  
  60  5:27  Marine x2  
  60  5:28  Marine x3  
  59  5:29  Siege Tank  
  59  5:31  SCV, Terran Infantry Weapons Level 1  
  59  5:33  SCV  
  59  5:35  Engineering Bay, Supply Depot  
  64  5:36  Combat Shield  
  64  5:41  Refinery  
  64  5:42  Refinery  
  64  5:45  Marine, SCV  
  64  5:46  SCV  
  64  5:47  Marine  
  64  5:48  Marine  
  64  5:49  Marine  
  70  5:50  Marine  
  70  5:55  Armory  
  71  5:57  SCV  
  71  5:58  Medivac  
  71  6:03  Marine  
  75  6:05  Marine  
  75  6:06  Marine, SCV  
  75  6:07  Marine  
  75  6:08  Marine  
  75  6:10  Terran Infantry Armor Level 1  
  80  6:15  SCV, Supply Depot  
  80  6:16  Supply Depot  
  81  6:21  Marine  
  81  6:23  Orbital Command, Marine x2  
  84  6:37  Marine x2  
  84  6:38  Siege Tank, SCV x2  
  84  6:39  Marine  
  90  6:41  Marine x2, Medivac  
  94  6:54  Marine  
  94  6:55  Marine  
  94  6:56  Marine  
  94  6:57  Barracks  
  94  6:58  Barracks  
  94  6:59  Marine  
  94  7:00  Marine  
  94  7:01  SCV x2  
  101  7:02  SCV  
  101  7:12  Marine x2  
  103  7:20  Marine  
  103  7:21  Siege Tank, Marine x2  
  103  7:22  SCV x2  
  111  7:23  SCV  
  111  7:27  Terran Infantry Weapons Level 2  
  112  7:30  Marine x2  
  114  7:38  Marine x2  
  114  7:42  SCV  
  117  7:45  Barracks Reactor  
  117  7:46  Barracks Reactor  
  117  7:48  Supply Depot  
  117  7:49  Supply Depot x2  
  117  7:58  Marine, SCV x2  
  117  8:00  Marine, SCV  
  117  8:02  Marine  
  117  8:03  Marine  
  117  8:04  Marine  
  109  8:16  Marine  
  109  8:18  Marine  
  106  8:20  Marine  
  106  8:21  Marine, SCV  
  106  8:22  Orbital Command, Marine  
  106  8:25  Marine x2  
  106  8:26  Marine x2  
  109  8:34  Marine, Medivac x2  
  72  8:36  Marine, SCV  
  72  8:38  Marine  
  72  8:39  Marine  
  72  8:40  Marine  
  73  8:42  SCV  
  73  8:43  Marine x2  
  73  8:44  Siege Tank, Marine x2  
  73  8:47  Terran Infantry Armor Level 2  
  73  8:48  SCV  
  82  8:52  Marine  
  82  8:53  SCV  
  82  8:54  Marine, SCV  
  86  8:56  Marine  
  86  8:57  Marine  
  86  8:58  Marine  
  86  9:00  SCV  
  86  9:01  Marine x2  
  86  9:02  Marine  
  93  9:05  SCV  
  93  9:08  Marine, Supply Depot  
  93  9:09  Marine, Supply Depot  
  95  9:11  Marine  
  97  9:19  Drilling Claws, Marine x4, Widow Mine  
  97  9:20  SCV  
  104  9:24  Marine  
  104  9:26  Marine  
  104  9:27  Marine  
  104  9:28  SCV  
  104  9:29  SCV  
  109  9:32  SCV  
  109  9:33  Supply Depot  
  109  9:36  Marine x2  
  112  9:40  SCV  
  112  9:44  Widow Mine, Command Center  
  115  9:49  Marine x2  
  115  9:52  Marine x3  
  118  9:53  Marine x2  
  118  9:54  Marine  
  118  9:56  Supply Depot  
  121  10:00  SCV  
  120  10:10  Widow Mine  
  120  10:12  Marine x2  
  120  10:14  Marine x7  
  123  10:16  Medivac  
  123  10:18  SCV  
  123  10:19  SCV  
  123  10:21  SCV  
  135  10:30  SCV  
  135  10:31  Siege Tank  
  135  10:33  Marine x9  
  148  10:38  Medivac  
  150  10:46  Medivac  
  150  10:47  SCV  
  153  10:51  Marine x2  
  153  10:53  Refinery  
  153  10:54  Refinery  
  155  11:10  Marine x3  
  158  11:11  Marine x5  
  158  11:12  Marine  
  158  11:16  Siege Tank  
  165  11:27  Marine  
  165  11:29  Marine x2  
  165  11:30  Terran Infantry Weapons Level 3, Terran Infantry Armor Level 3  
  165  11:32  SCV  
  169  11:37  Command Center  
  169  11:45  Marine  
  162  11:47  Marine x2  
  162  11:48  Siege Tank, Marauder  
  169  11:59  Marine  
  169  12:11  Marauder, Marine x2  
  169  12:14  Marine  
  164  12:16  Concussive Shells  
  164  12:21  SCV  
  157  12:26  SCV x2  
  154  12:31  Marine x2  
  154  12:33  Marauder  
  152  12:38  Marine x2, Widow Mine  
  152  12:39  Marine  
  152  12:40  Marine  
  152  12:43  Barracks  
  158  12:45  Barracks, Medivac x2  
  158  12:48  Marine x2  
  158  12:49  Marine  
  158  12:50  Marine  
  166  12:54  Marauder  
  168  13:02  Marine  
  159  13:15  Marauder, Marine, Medivac  
  158  13:20  Marine x3  
  158  13:21  Marine  
  158  13:25  SCV  
  158  13:26  SCV  
  161  13:32  Medivac  
  152  13:37  Marauder  
  143  13:42  Siege Tank, Marine x3  
  143  13:43  Marine x5  
  154  13:48  Marine  
  155  13:58  Marine  
  155  14:00  Marine  
  156  14:09  Marine  
  154  14:10  Planetary Fortress  
  154  14:11  SCV  
  154  14:14  Siege Tank, Marine x2  
  154  14:16  Marauder  
  153  14:17  Marine  
  150  14:25  SCV  
  150  14:26  SCV  
  150  14:29  SCV  
  150  14:35  Barracks Reactor  
  150  14:37  Barracks Tech Lab  
  146  14:41  Marine  
  146  14:44  SCV  
  146  14:45  SCV  
  149  14:46  Siege Tank  
  149  14:52  Marine  
  153  14:56  Marine  
  154  15:09  Marine  
  151  15:14  Marine  
  151  15:15  Marauder  
  151  15:16  SCV  
  151  15:18  Siege Tank  
  137  15:22  Marine  
  137  15:23  Marauder  
  137  15:24  Marine  
  137  15:25  Marine  
  137  15:27  Marine, Medivac  
  96  15:29  SCV  
  96  15:36  Marauder  
  96  15:41  SCV x3  
  96  15:42  SCV  
  99  15:50  Siege Tank  
  99  15:52  Marine x2  
  99  15:53  Marauder, Marine x2, SCV  
  109  15:58  SCV  
  109  16:00  Marine  
  109  16:01  Marine  
  109  16:02  Marine  
  113  16:09  Marine x2  
  113  16:10  Marine  
  116  16:18  Marine  
  116  16:19  Marauder, Marine, SCV  
  116  16:20  SCV  
  116  16:22  Siege Tank  
  125  16:32  Marine, SCV x2  
  127  16:33  Marauder, Marine x2  
  127  16:36  Marine x3  
  135  16:40  Marauder  
  135  16:42  Command Center  
  137  16:49  Marine x3  
  140  16:54  Siege Tank, Marauder  
  140  16:57  Marine x2, Medivac x2  
  140  17:00  SCV  
  142  17:02  Marauder  
  142  17:05  Marine x3  
  142  17:08  Marine x2  
  149  17:11  Marine x2, SCV x2  
  149  17:12  Marine  
  149  17:15  Marine x2  
  151  17:16  Marauder  
  152  17:22  Marine  
  152  17:23  Marauder, Marine  
  152  17:28  Marine  
  125  17:32  Marine x2  
  109  17:37  Marauder  
  109  17:39  Marine  
  109  17:40  Marine x2  
  109  17:44  Marine x4  
  108  17:45  Marauder, SCV  
  114  17:54  Marine x2  
  114  17:56  Medivac  
  114  17:58  SCV  
  119  17:59  Marauder  
  119  18:03  Marine  
  122  18:06  Marauder  
  122  18:07  Marine x2  
  125  18:13  Siege Tank  
  119  18:20  Marauder  
  119  18:21  Marine x4  
  119  18:22  Marine x4  
  119  18:25  Marine x2  
  122  18:27  Marauder  
  114  18:39  Marine x7  
  114  18:40  Marine  
  115  18:41  Marauder  
  115  18:43  Marine x2  
  116  18:50  Marine  
  90  18:56  Marine  
  90  18:57  Marine x4  
  90  19:00  SCV  
  90  19:01  Planetary Fortress  
  84  19:03  Marine x2, Marauder  
  84  19:04  Marine  
  84  19:05  Marine x2  
  84  19:08  Marauder  
  89  19:14  Marine x2  
  86  19:17  Marine  
  85  19:24  Marauder  
  85  19:28  Marine  
  85  19:29  Marine x2  
  85  19:30  Marauder  
  90  19:31  Marine, SCV  
  90  19:36  Siege Tank  
  97  19:46  Marauder  
  97  19:49  Orbital Command  
  97  19:51  Marauder  
  97  19:52  Medivac x2  
  101  19:58  Marine x5  
  101  19:59  Marine  
  111  20:07  Marauder  
  111  20:08  Marine x3  
  111  20:13  Marauder  
  116  20:15  Marine x2  
  116  20:16  Marine  
  118  20:23  Marine x2  
  118  20:24  Siege Tank  
  125  20:28  Marauder  
  125  20:34  Marauder  
  127  20:39  Marine x2  
  129  20:43  Marine x3  
  129  20:47  Refinery  
  129  20:48  Refinery x2  
  129  20:49  Refinery  
  132  20:50  Refinery  
  132  20:51  Refinery  
  132  20:58  Marine  
  132  21:01  Refinery  
  132  21:03  Refinery  
  132  21:08  Marine x7  
  132  21:09  Supply Depot  
  132  21:10  Supply Depot  
  139  21:11  Supply Depot  
  139  21:18  SCV  
  140  21:22  Command Center  
  140  21:25  Command Center  
  140  21:30  Marine x6, SCV  
  147  21:44  Marine  
  147  21:45  Marauder, Marine  
  151  21:52  Marine  
  151  21:53  Marauder, Marine x2  
  156  21:55  Marine x3  
  156  22:00  Supply Depot  
  151  22:06  Marauder  
  150  22:14  Marauder  
  150  22:15  Marine x2  
  146  22:27  Marine x2  
  146  22:28  Marauder, Marine x2  
  152  22:35  Orbital Command  
  152  22:36  Marauder  
  143  22:40  Marine x2  
  138  22:46  Medivac  
  138  22:47  Marine, Medivac  
  138  22:49  Marauder  
  139  22:56  Siege Tank, Marine  
  139  22:57  Marine x3  
  146  23:03  SCV x2  
  146  23:04  SCV x2  
  146  23:05  SCV  
  151  23:09  Marine  
  151  23:10  Marine x3  
  151  23:11  Marine x3, Marauder  
  158  23:18  Marine  
  159  23:26  Marine  
  160  23:29  Marine x2  
  160  23:30  Marauder, Marine x3  
  160  23:32  Marauder  
  169  23:35  Siege Tank  
  169  23:36  SCV  
  169  23:40  Planetary Fortress  
  169  23:55  Marine, Medivac  
  170  24:00  Marine  
  170  24:01  Marauder, Marine  
  167  24:04  Marine x2  
  167  24:06  Marine x2, SCV x2  
  167  24:07  Marauder  
  167  24:09  Siege Tank  
  178  24:12  Marine  
  178  24:13  SCV  
  180  24:18  Marine  
  180  24:22  Marauder  
  183  24:25  Marine x2  
  183  24:26  Marine  
  183  24:28  Marauder  
  183  24:30  Marine  
  181  24:34  Marine x2  
  183  24:42  Marine  
  183  24:43  Marine x2  
  183  24:44  Marauder  
  176  24:48  Siege Tank  
  176  24:49  Marauder, Marine x3  
  176  24:50  Marine  
  185  25:05  Marauder  
  187  25:08  Sensor Tower  
  187  25:09  Marine x6  
  187  25:10  Missile Turret  
  187  25:11  Marauder  
  195  25:26  Marauder  
  197  25:30  Marine x2  
  197  25:31  SCV  
  194  25:43  Marine  
Tags
 
Add a new tag
Caveats
  • Supply blocks, unpowered buildings, or Contaminate may cause inaccurate times.
  • Supply counts are checked every 10 seconds.